 Dungeon Crawl Stone Soup version 0.20-a0-772-g73021bd (webtiles) character file.

606 SQman the Shield-Bearer (level 7, -5/61 HPs)
             Began as a Minotaur Fighter on Feb 27, 2017.
             Was an Initiate of Fedhas.
             Slain by an iguana (9 damage)
             ... on level 5 of the Dungeon.
             The game lasted 00:15:08 (3555 turns).

SQman the Shield-Bearer (Minotaur Fighter)          Turns: 3555, Time: 00:15:08

Health: -5/61      AC:  8    Str: 22    XL:     7   Next: 19%
Magic:  6/6        EV:  9    Int:  5    God:    Fedhas [......]
Gold:   238        SH: 10    Dex: 10    Spells: 6/6 levels left

rFire    . . .     SeeInvis .   a - +0 trident
rCold    . . .     Gourm    .   b - +0 scale mail
rNeg     . . .     Faith    .   c - +0 shield
rPois    .         Spirit   .   s - +1 hat
rElec    .         Reflect  .   (no cloak)
rCorr    .         Harm     .   (no gloves)
MR       .....                  (no boots)
Stlth    +.........             r - amulet of rage
Regen    0.2/turn               k - ring of flight
MPRegen  0.1/turn               q - ring of stealth

@: no status effects
A: retaliatory headbutt, horns 2
a: Fungal Bloom, Renounce Religion, Evoke Berserk Rage, Evoke Flight


You were on level 5 of the Dungeon.
You worshipped Fedhas.
Fedhas was noncommittal.
You were not hungry.

You visited 1 branch of the dungeon, and saw 5 of its levels.
You also visited: Sewer.

You collected 238 gold pieces.

Inventory:

Hand Weapons
 a - a +0 trident (weapon)
Armour
 b - a +0 scale mail (worn)
 c - a +0 shield (worn)
 p - a +0 ring mail of magic resistance
 s - a +1 hat (worn)
Jewellery
 i - an uncursed ring of positive energy
 k - a ring of flight (right hand)
 q - a ring of stealth (left hand)
 r - an amulet of rage (around neck)
Scrolls
 e - 3 scrolls of teleportation
 l - 2 scrolls of blinking
 t - 2 scrolls of remove curse
 u - a scroll of fear
 v - 2 scrolls of identify
 y - a scroll of recharging
Potions
 d - 2 potions of might
 g - a potion of resistance
 m - 2 potions of flight
 n - a potion of heal wounds
 o - 2 potions of magic
 w - 3 potions of haste
 x - a potion of curing
Comestibles
 f - 3 bread rations
 h - 3 meat rations
 j - 2 royal jellies


   Skills:
 + Level 5.2 Fighting
 + Level 5.2 Polearms
 + Level 5.4 Armour
 + Level 2.3 Dodging
 + Level 0.8 Stealth
 + Level 5.9 Shields


You had 6 spell levels left.
You didn't know any spells.

Dungeon Overview and Level Annotations

Branches:
Dungeon (5/15)
 Temple: D:4-7

Altars:
Fedhas


Innate Abilities, Weirdness & Mutations

You reflexively headbutt those who attack you in melee.
You have a pair of horns on your head.


Message History

The iguana completely misses you. The gnoll hits you with a halberd.
You hit the iguana. Your headbutt misses the iguana.
The iguana is severely wounded.
The iguana bites you. You block the gnoll's attack.
The iguana closely misses you.
You barely miss the gnoll. You block the gnoll's attack. The iguana bites you.
* * * LOW HITPOINT WARNING * * *
You hit the gnoll but do no damage. The gnoll hits you but does no damage.
The iguana closely misses you. You furiously retaliate!
You headbutt the iguana. You hit the gnoll.
You headbutt the gnoll, but do no damage.
The gnoll is moderately wounded.
You block the iguana's attack. The gnoll hits you with a halberd!
* * * LOW HITPOINT WARNING * * *
You barely miss the gnoll.
The gnoll is moderately wounded.
The iguana bites you!
You die...
Fedhas appreciates your contribution to the ecosystem.

#. .....# #..
..... #..##
....
.....###...
..........
#...... #..l#
#g@# . ##)##
#..###.)##
#........######
#..........##.#
#......###....#
#......##
##...########
#.....#
#.#.........
.....#
#.##.....###


You could see an iguana and a gnoll.

Vanquished Creatures
  The ghost of Aksej the Sneak, an amateur OpAs (D:3)
  A phantom (D:4)
  A hound (D:4)
  A centaur skeleton (D:4)
  An orc priest (D:5)
  2 orc wizards (D:3)
  Jessica (D:2)
  A worker ant (D:4)
  3 gnolls (D:5)
  8 adders
  3 worms
  5 dart slugs
  2 leopard geckos
  6 orcs
  7 bats
  7 giant cockroaches
  6 goblins
  5 hobgoblins
  7 jackals
  9 kobolds
  3 quokkas
  3 ball pythons
  10 frilled lizards
  7 rats
100 creatures vanquished.

Vanquished Creatures (others)
  9 toadstools
9 creatures vanquished.

Grand Total: 109 creatures vanquished

Notes
Turn   | Place    | Note
-------+----------+-------------------------------------------
     0 | D:1      | SQman the Minotaur Fighter began the quest for the Orb.
     0 | D:1      | Reached XP level 1. HP: 19/19 MP: 0/0
   159 | D:1      | Reached XP level 2. HP: 27/27 MP: 1/1
   648 | D:1      | Reached XP level 3. HP: 33/33 MP: 2/2
  1017 | D:2      | Noticed Jessica
  1022 | D:2      | Killed Jessica
  1022 | D:2      | Reached XP level 4. HP: 38/40 MP: 3/3
  1191 | D:2      | Reached skill level 1 in Dodging
  1772 | D:3      | Noticed Aksej's ghost (amateur OpAs)
  1798 | D:3      | Killed Aksej's ghost
  1798 | D:3      | Reached XP level 5. HP: 42/47 MP: 4/4
  2037 | D:3      | Reached skill level 5 in Shields
  2037 | D:3      | Reached XP level 6. HP: 48/55 MP: 5/5
  2518 | D:4      | Reached skill level 5 in Fighting
  2518 | D:4      | Reached skill level 5 in Armour
  2690 | D:4      | Found a blossoming altar of Fedhas.
  2699 | D:4      | Became a worshipper of Fedhas Madash
  3002 | D:4      | Reached skill level 5 in Polearms
  3126 | D:4      | Reached XP level 7. HP: 60/61 MP: 6/6
  3127 | D:4      | Found a glowing drain.
  3138 | Sewer    | Entered a sewer
  3519 | D:5      | Entered Level 5 of the Dungeon
  3554 | D:5      | HP: 3/61 [gnoll/halberd (12)]
  3555 | D:5      | Slain by an iguana

Vault maps used:
D:1:      matt_arrival_los_fun, hangedman_abyss_or_decor_stabs
D:2:      kennysheep_jessica_study
D:4:      nicolae_overflow_crystal_walls, portal_sewer_entry_d, first_bread,
          kennysheep_generic_room_5
D:5:      minmay_temple_entry_statues_fountains, uniq_prince_ribbit1
Sewer:    sewer_co_cracked_pipes

Skill      XL: |  1  2  3  4  5  6 |
---------------+-------------------+-----
Fighting       | 4 5 |  5.2
Armour         | 4 5 |  5.4
Shields        | 4 5 |  5.9
Polearms       | 3 4 5 |  5.2
Dodging        | 1 2 |  2.3
Stealth        | |  0.8

Action                   |  1- 3 |  4- 6 |  7- 9 || total
-------------------------+-------+-------+-------++-------
Melee: Trident           |    70 |   179 |    61 ||   310
       Headbutt          |     6 |    33 |    10 ||    49
Invok: Fungal Bloom      |       |     1 |     4 ||     5
  Use: Potion            |     3 |     3 |       ||     6
       Scroll            |     2 |     6 |     1 ||     9
  Eat: Chunk             |       |     2 |       ||     2
       Bread ration      |       |     1 |       ||     1
       Meat ration       |       |     1 |       ||     1
Armor: Scale mail        |    42 |    71 |    18 ||   131
Dodge: Dodged            |    30 |    62 |    27 ||   119
Block: Shield            |    44 |    99 |    48 ||   191
